 Dungeon Crawl Stone Soup version 0.31-a0-1352-gc98d92de7d (webtiles) character file.

Game seed: 11236067645369038094

10325 gruber the Frost Mage (level 11, -2/83 HPs)
             Began as a Gnoll Ice Elementalist on Dec 22, 2023.
             Was an Elder of Vehumet.
             Slain by a wraith (5 damage)
             ... on level 11 of the Dungeon on Dec 27, 2023.
             The game lasted 00:19:19 (10971 turns).

gruber the Frost Mage (Gnoll Ice Elementalist)     Turns: 10971, Time: 00:19:21

Health: -2/83      AC: 12    Str: 13    XL:     11   Next: 60%
Magic:  23/23      EV: 13    Int: 19    God:    Vehumet [****..]
Gold:   523        SH:  0    Dex: 12    Spells: 4/26 levels left

rFire   . . .        v - +10 short sword of Xom's Righteous Fury {heavy, rPois Will++ Str+5}
rCold   . . .        (no shield)
rNeg    + . .        I - +0 swamp dragon scales
rPois   +            w - +0 helmet
rElec   .            (no cloak)
rCorr   .            (no gloves)
SInv    .            x - +1 pair of boots
Will    ++...        K - amulet of magic regeneration
Stlth   +++          G - ring of positive energy
HPRegen 0.33/turn    (no ring)
MPRegen 0.58/turn

%: no passive effects
@: very slightly contaminated, inugami summoned
A: fangs 1, strong nose, distributed training
a: Renounce Religion


You were on level 11 of the Dungeon.
You worshipped Vehumet.
Vehumet was greatly pleased with you.
You visited 2 branches of the dungeon, and saw 12 of its levels.
You also visited: Sewer.

You collected 650 gold pieces.
You spent 127 gold pieces at shops.

Inventory:

Hand Weapons
 u - a +1 short sword of electrocution
 v - the +10 short sword of Xom's Righteous Fury (weapon) {heavy, rPois Will++ Str+5}
   (You found it on level 6 of the Dungeon)

   Str+5:     It affects your strength (+5).
   rPois:     It protects you from poison Will++: It greatly increases your
   willpower.
Missiles
 g - 42 poisoned darts
 F - 2 throwing nets
Armour
 w - a +0 helmet (worn)
 x - a +1 pair of boots (worn)
 I - +0 swamp dragon scales (worn)
Jewellery
 G - a ring of positive energy (left hand)
 K - an amulet of magic regeneration (around neck)
Wands
 a - a wand of flame (4)
 n - a wand of quicksilver (2)
 y - a wand of roots (4)
 H - a wand of charming (6)
Scrolls
 d - 6 scrolls of identify {unknown}
 f - 4 scrolls of revelation {unknown}
 h - 3 scrolls of blinking
 i - a scroll of torment {unknown}
 j - 2 scrolls of fear {unknown}
 l - 2 scrolls of butterflies {unknown}
 m - a scroll of silence {unknown}
 o - 2 scrolls of teleportation {unknown}
 t - a scroll of amnesia {unknown}
 B - a scroll of vulnerability {unknown}
 C - 3 scrolls of enchant weapon {unknown}
 D - 2 scrolls of poison {unknown}
 E - a scroll of noise {unknown}
Potions
 b - 2 potions of magic
 c - 3 potions of cancellation
 e - 2 potions of enlightenment {unknown}
 k - 4 potions of lignification {unknown}
 p - 2 potions of curing {unknown}
 q - 4 potions of might
 r - 3 potions of invisibility {unknown}
 s - 3 potions of heal wounds {unknown}
 z - a potion of degeneration {unknown}
 A - a potion of brilliance {unknown}
 J - a potion of attraction {unknown}


   Skills:
 + Level 6.7 Fighting
 + Level 6.7 Short Blades
 + Level 6.7 Long Blades
 + Level 6.7 Axes
 + Level 6.7 Maces & Flails
 + Level 6.7 Polearms
 + Level 6.7 Staves
 + Level 6.7 Ranged Weapons
 + Level 6.7 Throwing
 + Level 6.7 Armour
 + Level 8.2 Dodging
 + Level 8.0 Stealth
 + Level 6.7 Shields
 + Level 6.7 Unarmed Combat
 + Level 8.4 Spellcasting
 + Level 5.5 Conjurations
 + Level 5.5 Hexes
 + Level 5.5 Summonings
 + Level 5.5 Necromancy
 + Level 5.5 Translocations
 + Level 5.5 Fire Magic
 + Level 9.1 Ice Magic
 + Level 5.5 Air Magic
 + Level 5.5 Earth Magic
 + Level 5.5 Alchemy
 + Level 7.3 Invocations
 + Level 6.7 Evocations
 + Level 6.1 Shapeshifting


You had 4 spell levels left.
You knew the following spells:

 Your Spells              Type           Power      Damage    Failure   Level
a - Freeze                Ice            100%       1d10      1%          1
b - Frozen Ramparts       Ice            84%        1d13      1%          3
c - Ozocubu's Armour      Ice            42%        N/A       1%          3
d - Call Canine Familiar  Summ           29%        N/A       4%          3
e - Mephitic Cloud        Conj/Alch/Air  29%        N/A       1%          3
f - Airstrike             Air            14%        2d(3-19)  4%          4
g - Fireball              Conj/Fire      14%        3d8       13%         5

Your spell library contained the following spells:

 Spells                   Type           Power      Damage    Failure   Level
 Lee's Rapid Deconstruct  Erth           14%        3d9*      13%         5
 Dazzling Flash           Conj/Hex       58%        N/A       1%          3
 Lesser Beckoning         Tloc           58%        N/A       2%          2
 Gell's Gravitas          Tloc           29%        N/A       4%          3
 Sigil of Binding         Hex            29%        N/A       4%          3
 Teleport Other           Tloc           29%        N/A       4%          3
 Brom's Barrelling Bould  Conj/Erth      29%        2d5       4%          4
 Summon Ice Beast         Ice/Summ       36%        N/A       9%          4
 Dimensional Bullseye     Hex/Tloc       14%        N/A       17%         4
 Iskenderun's Battlesphe  Conj           29%        2d8       13%         5
 Metabolic Englaciation   Hex/Ice        18%        N/A       22%         5
 Agony                    Necr           29%        N/A       43%         5
 Silence                  Hex/Air        14%        N/A       43%         5
 Conjure Ball Lightning   Conj/Air       14%        3x3d6     52%         6
 Simulacrum               Ice/Necr       18%        N/A       77%         6
 Orb of Destruction       Conj           14%        9d7       96%         7


Dungeon Overview and Level Annotations

Branches:
Dungeon (11/15)            Temple (1/1) D:4            Lair (0/5) D:10
  Sewer (visited)
    Orc: D:9-12

Altars:
Ashenzari
Cheibriados
Dithmenos
Elyvilon
Fedhas
Gozag
Hepliaklqana
Kikubaaqudgha
Makhleb
Nemelex Xobeh
Okawaru
Qazlal
Ru
Sif Muna
Trog
Uskayaw
Vehumet
Wu Jian
Xom
Yredelemnul
Zin
The Shining One

Shops:
D:10 *


Innate Abilities, Weirdness & Mutations

You have very sharp teeth.
Your uncanny sense of smell can sniff out nearby items.
Your experience applies equally to all skills.


Message History

Unknown command.
You hit the wraith. Your punch misses the wraith.
The wraith is moderately damaged.
Your inugami barely misses the wraith.
The wraith hits you. The wraith hits you but does no damage.
Your inugami barely misses the wraith.
You hit the wraith. You bite the wraith, but do no damage.
The wraith is heavily damaged.
Your inugami closely misses the wraith.
The wraith hits you!
* * * LOW HITPOINT WARNING * * *
You completely miss the wraith.
The wraith is heavily damaged.
Your inugami hits the wraith but does no damage.
The wraith hits you!
* * * LOW HITPOINT WARNING * * *
The wraith drains your vigour!
You feel as though you will be slow longer.
Your inugami misses the wraith. The wraith closely misses you.
It was a potion of might.
You feel very mighty all of a sudden.
Your inugami hits the wraith but does no damage.
The wraith hits you.
* * * LOW HITPOINT WARNING * * *
The wraith drains your vigour!
You feel as though you will be slow longer.
You hit the wraith but do no damage.
The wraith is heavily damaged.
You are no longer corroded.
Your inugami is no longer weakened.
Your inugami hits the wraith. The wraith hits you but does no damage.
The wraith hits you.
* * * LOW HITPOINT WARNING * * *
Your inugami barely misses the wraith.
It was a potion of cancellation.
Your magical effects are unravelling.
You feel magically purged.
You are very lightly contaminated with residual magic.
You feel yourself speed up.
You feel a little less mighty now.
Your inugami hits the wraith but does no damage.
The wraith hits you.
You die...

# .. #. #. ##'########
##.## #.........# #...#
#..../....# #.###..
#.........### #.....#
.#.........'.# #####.#
.'.....h...# #...#
##.....@W..# #.###
#.........# ∆ #...#
#.........# ##.##
#######'### #####.#
#....# #.....#
####'#### ##.######
#.....#### #........
#.....'..######........
#.....##...............


You could see a wraith (ally target) and a friendly inugami (summoned).

Vanquished Creatures
  Josephine (D:10)
  Amaemon (D:8)
  Pikel (D:5)
  Joseph (D:7)
  An orange demon (D:8)
  Psyche (D:11)
  A troll (D:10)
  A hornet (D:9)
  A wyvern (D:8)
  5 wraiths (D:10)
  3 steam dragons
  Menkaure (D:7)
  Edmund (D:5)
  6 two-headed ogre zombies (D:9)
  7 water moccasins
  Duvessa (D:7)
  An acid dragon (D:10)
  2 orc warriors
  2 ice beasts (D:6)
  3 sky beasts
  3 black bears
  An ogre (D:6)
  2 centaurs
  4 kobold brigands
  4 lemures (D:5)
  7 bullfrogs
  A gnoll sergeant (D:10)
  4 scorpions
  8 wights
  Dowan (D:7)
  16 killer bees
  A howler monkey (D:9)
  2 jellies (D:6)
  3 orc priests
  A sleepcap (D:6)
  2 hounds
  A gnoll bouda (D:4)
  3 iguanas
  9 orc wizards
  6 gnolls
  6 adders
  2 shadow imps (D:6)
  2 ufetubi (D:6)
  2 worms (D:4)
  A dart slug (D:5)
  26 orcs
  6 endoplasms
  8 giant cockroaches
  5 goblins
  7 hobgoblins
  2 quokkas
  11 ball pythons
  7 bats
  3 frilled lizards
  25 kobolds
  7 rats
240 creatures vanquished.

Vanquished Creatures (collateral kills)
  2 wights (D:9)
  An iguana (D:6)
  An orc wizard (D:6)
4 creatures vanquished.

Grand Total: 244 creatures vanquished

Notes
Turn   | Place    | Note
-------+----------+-------------------------------------------
     0 | D:1      | gruber the Gnoll Ice Elementalist began the quest for the
                  | Orb.
     0 | D:1      | Reached XP level 1. HP: 13/13 MP: 6/6
    96 | D:1      | Reached XP level 2. HP: 16/19 MP: 4/7
   730 | D:1      | Reached skill level 5 in Spellcasting
   730 | D:1      | Reached XP level 3. HP: 17/25 MP: 4/9
   796 | D:1      | Learned a level 3 spell: Frozen Ramparts
   800 | D:1      | Learned a level 3 spell: Ozocubu's Armour
   804 | D:1      | Learned a level 3 spell: Call Canine Familiar
  1027 | D:2      | Reached skill level 1 in Invocations
  1423 | D:2      | Found a sparkling altar of Nemelex Xobeh.
  1532 | D:2      | Reached skill level 1 in Fighting
  1532 | D:2      | Reached skill level 1 in Short Blades
  1532 | D:2      | Reached skill level 1 in Long Blades
  1532 | D:2      | Reached skill level 1 in Axes
  1532 | D:2      | Reached skill level 1 in Maces & Flails
  1532 | D:2      | Reached skill level 1 in Polearms
  1532 | D:2      | Reached skill level 1 in Staves
  1532 | D:2      | Reached skill level 1 in Ranged Weapons
  1532 | D:2      | Reached skill level 1 in Throwing
  1532 | D:2      | Reached skill level 1 in Armour
  1532 | D:2      | Reached skill level 1 in Shields
  1532 | D:2      | Reached skill level 1 in Unarmed Combat
  1532 | D:2      | Reached skill level 1 in Evocations
  2362 | D:3      | Reached skill level 1 in Shapeshifting
  2362 | D:3      | Reached XP level 4. HP: 32/32 MP: 6/11
  2417 | D:4      | Found a staircase to the Ecumenical Temple.
  2430 | Temple   | Entered the Ecumenical Temple
  2457 | Temple   | Became a worshipper of Vehumet
  2543 | D:4      | Reached skill level 1 in Conjurations
  2543 | D:4      | Reached skill level 1 in Hexes
  2543 | D:4      | Reached skill level 1 in Summonings
  2543 | D:4      | Reached skill level 1 in Necromancy
  2543 | D:4      | Reached skill level 1 in Translocations
  2543 | D:4      | Reached skill level 1 in Fire Magic
  2543 | D:4      | Reached skill level 1 in Air Magic
  2543 | D:4      | Reached skill level 1 in Earth Magic
  2543 | D:4      | Reached skill level 1 in Alchemy
  2605 | D:4      | Reached XP level 5. HP: 17/37 MP: 1/12
  3208 | D:5      | Entered Level 5 of the Dungeon
  3361 | D:5      | Noticed a lemure
  3364 | D:5      | Noticed a lemure
  3390 | D:5      | Killed a lemure
  3400 | D:5      | Killed a lemure
  3538 | D:5      | Noticed a lemure
  3538 | D:5      | Noticed a lemure
  3541 | D:5      | Noticed Pikel
  3560 | D:5      | Killed a lemure
  3612 | D:5      | Killed a lemure
  3666 | D:5      | Killed Pikel
  3667 | D:5      | Reached skill level 5 in Dodging
  3667 | D:5      | Reached skill level 5 in Stealth
  3667 | D:5      | Reached XP level 6. HP: 7/46 MP: 0/14
  3667 | D:5      | Reached XP level 7. HP: 8/51 MP: 0/15
  3894 | D:5      | Noticed Edmund
  3920 | D:5      | Killed Edmund
  4190 | D:6      | Reached XP level 8. HP: 50/58 MP: 11/16
  4292 | D:6      | Found a shimmering blue altar of Sif Muna.
  4574 | D:6      | Found a glowing drain.
  4589 | Sewer    | Entered a sewer
  4619 | Sewer    | Reached * piety under Vehumet
  4619 | Sewer    | Offered knowledge of Magic Dart by Vehumet.
  5315 | D:6      | Reached XP level 9. HP: 18/65 MP: 5/18
  5520 | D:6      | Identified the +10 short sword of Xom's Righteous Fury
                  | {heavy, rPois Will++ Str+5}
  5661 | D:6      | Reached skill level 8 in Ice Magic
  5949 | D:7      | Reached ** piety under Vehumet
  6114 | D:7      | Noticed Joseph
  6253 | D:6      | Learned a level 3 spell: Mephitic Cloud
  6298 | D:7      | Noticed Duvessa
  6298 | D:7      | Noticed Dowan
  6301 | D:7      | Killed Dowan
  6301 | D:7      | Offered knowledge of Searing Ray by Vehumet.
  6305 | D:7      | Killed Duvessa
  6306 | D:7      | Reached skill level 5 in Invocations
  6537 | D:7      | Killed Joseph
  6733 | D:7      | Noticed Menkaure
  6736 | D:7      | Killed Menkaure
  6737 | D:7      | Reached skill level 5 in Fighting
  6737 | D:7      | Reached skill level 5 in Short Blades
  6737 | D:7      | Reached skill level 5 in Long Blades
  6737 | D:7      | Reached skill level 5 in Axes
  6737 | D:7      | Reached skill level 5 in Maces & Flails
  6737 | D:7      | Reached skill level 5 in Polearms
  6737 | D:7      | Reached skill level 5 in Staves
  6737 | D:7      | Reached skill level 5 in Ranged Weapons
  6737 | D:7      | Reached skill level 5 in Throwing
  6737 | D:7      | Reached skill level 5 in Armour
  6737 | D:7      | Reached skill level 5 in Shields
  6737 | D:7      | Reached skill level 5 in Unarmed Combat
  6737 | D:7      | Reached skill level 5 in Evocations
  6737 | D:7      | Reached XP level 10. HP: 74/74 MP: 20/20
  7773 | D:8      | Offered knowledge of Inner Flame by Vehumet.
  7952 | D:8      | Found a hazy altar of Hepliaklqana.
  7964 | D:8      | Found an ancient bone altar of Kikubaaqudgha.
  7978 | D:8      | Noticed an orange demon
  7978 | D:8      | Noticed Amaemon
  8154 | D:8      | Killed an orange demon
  8155 | D:8      | Killed Amaemon
  8156 | D:8      | Reached skill level 5 in Shapeshifting
  8368 | D:8      | Reached *** piety under Vehumet
  8610 | D:9      | Offered knowledge of Airstrike by Vehumet.
  8621 | D:9      | Learned a level 4 spell: Airstrike
  8877 | D:9      | Reached skill level 5 in Conjurations
  8877 | D:9      | Reached skill level 5 in Hexes
  8877 | D:9      | Reached skill level 5 in Summonings
  8877 | D:9      | Reached skill level 5 in Necromancy
  8877 | D:9      | Reached skill level 5 in Translocations
  8877 | D:9      | Reached skill level 5 in Fire Magic
  8877 | D:9      | Reached skill level 5 in Air Magic
  8877 | D:9      | Reached skill level 5 in Earth Magic
  8877 | D:9      | Reached skill level 5 in Alchemy
  8949 | D:9      | Reached XP level 11. HP: 60/80 MP: 20/22
  9598 | D:10     | Entered Level 10 of the Dungeon
  9600 | D:10     | Noticed Josephine
  9696 | D:10     | Reached **** piety under Vehumet
  9763 | D:10     | Learned a level 5 spell: Fireball
 10033 | D:10     | Offered knowledge of Lee's Rapid Deconstruction by Vehumet.
 10041 | D:10     | Reached skill level 9 in Ice Magic
 10359 | D:10     | Killed Josephine
 10407 | D:10     | Found a staircase to the Lair.
 10475 | D:10     | Found Jinim's General Store.
 10501 | D:10     | Bought a scroll of blinking for 127 gold pieces
 10947 | D:11     | Noticed Psyche
 10962 | D:11     | Killed Psyche
 10970 | D:11     | HP: 2/83 [wraith (6)]
 10971 | D:11     | Slain by a wraith

Illustrated notes

Levels and vault maps discovered:
D:1:      dpeg_arrival_tiny_a, layout_loops_cross
D:2:      layout_basic, basic_altar, minmay_misc_feat_more_columns
D:3:      layout_basic, chequers_serial_rivers_micro_b
D:4:      layout_loops_ring, minmay_temple_entry_grid
D:5:      layout_rooms, uniq_edmund, uniq_pikel
D:6:      layout_rooms, led_sif_pool, gup_sewer_entry_glass,
          kennysheep_opposing_triangles
D:7:      layout_basic, minmay_misc_feat_x, uniq_menkaure, uniq_joseph,
          uniq_duvessa
D:8:      layout_basic, mainiacjoe_overflow_catwalk_spiral,
          kennysheep_generic_room_16, uniq_amaemon
D:9:      lemuel_ogre_cave, layout_basic, minivault_19
D:10:     layout_long_grid, due_lair_maze_entry_diamond, serial_shops,
          shop_coins, uniq_josephine
D:11:     layout_roguey, gauntlet_entry_generic, uniq_snorg, uniq_psyche
Temple:   hellmonk_temple_of_storms

Skill      XL: |  1  2  3  4  5  6  7  8  9 10 11 |
---------------+----------------------------------+-----
Spellcasting   | 5 6 7 8 |  8.4
Invocations    | 1 3 4 5 6 7 |  7.3
Fighting       | 1 2 3 5 6 |  6.7
Short Blades   | 1 2 3 5 6 |  6.7
Long Blades    | 1 2 3 5 6 |  6.7
Axes           | 1 2 3 5 6 |  6.7
Maces & Flails | 1 2 3 5 6 |  6.7
Polearms       | 1 2 3 5 6 |  6.7
Staves         | 1 2 3 5 6 |  6.7
Ranged Weapons | 1 2 3 5 6 |  6.7
Throwing       | 1 2 3 5 6 |  6.7
Armour         | 1 2 3 5 6 |  6.7
Shields        | 1 2 3 5 6 |  6.7
Unarmed Combat | 1 2 3 5 6 |  6.7
Evocations     | 1 2 3 5 6 |  6.7
Shapeshifting  | 1 2 3 4 5 6 |  6.1
Conjurations   | 1 2 3 4 5 |  5.5
Hexes          | 1 2 3 4 5 |  5.5
Summonings     | 1 2 3 4 5 |  5.5
Necromancy     | 1 2 3 4 5 |  5.5
Translocations | 1 2 3 4 5 |  5.5
Fire Magic     | 1 2 3 4 5 |  5.5
Air Magic      | 1 2 3 4 5 |  5.5
Earth Magic    | 1 2 3 4 5 |  5.5
Alchemy        | 1 2 3 4 5 |  5.5
Dodging        | 5 6 7 8 |  8.2
Stealth        | 5 6 7 8 |  8.0
Ice Magic      | 8 9 |  9.1

Action                     |  1- 3 |  4- 6 |  7- 9 | 10-12 || total
---------------------------+-------+-------+-------+-------++-------
  Melee: Unarmed           |    14 |       |       |       ||    14
         Bite              |     1 |     4 |     9 |    28 ||    42
         Short sword       |     9 |    15 |    38 |   239 ||   301
         Punch             |     1 |       |     5 |    14 ||    20
         Whip              |       |       |    39 |       ||    39
  Throw: Dart              |       |       |     2 |       ||     2
   Cast: Freeze            |    72 |    31 |    63 |     5 ||   171
         Frozen Ramparts   |     1 |     9 |    21 |    27 ||    58
         Ozocubu's Armour  |       |     5 |    13 |    19 ||    37
         Call Canine Famil |       |       |     8 |    18 ||    26
         Mephitic Cloud    |       |       |       |     2 ||     2
         Airstrike         |       |       |       |     5 ||     5
  Evoke: Wand              |       |     2 |     2 |       ||     4
    Use: Potion            |       |       |       |     2 ||     2
   Stab: Sleeping          |       |     4 |     5 |     3 ||    12
         Distracted        |       |       |       |     2 ||     2
         Confused          |       |       |       |     1 ||     1
 Armour: Robe              |    29 |    24 |    76 |    14 ||   143
         Leather armour    |       |       |    10 |    28 ||    38
         Swamp dragon scal |       |       |       |   156 ||   156
  Dodge: Dodged            |    40 |    25 |    89 |   141 ||   295

Table legend: (Time is in decaauts)
 A = Elapsed time spent in this place.
 B = Non-inter-level travel time spent in this place.
 C = Inter-level travel time spent in this place.
 D = Time resting spent in this place.
 E = Time spent auto-exploring this place.
 F = Levels seen in this place.
 G = Mean time per level.
                   A        B        C        D        E       F      G
               +--------+--------+--------+--------+--------+-----+--------+
         Total |  11040 |  10543 |    497 |    345 |   8123 |  13 |  849.2 |
       Dungeon |  10445 |   9973 |    472 |    343 |   7657 |  11 |  949.5 |
        Temple |     40 |     15 |     25 |      0 |     14 |   1 |   40.0 |
         Sewer |    554 |    554 |      0 |      2 |    451 |   1 |  554.0 |
               +--------+--------+--------+--------+--------+-----+--------+

Top non-repeatable levels by time:
     D:6: 1443 daAuts
    D:10: 1216 daAuts
     D:7: 1159 daAuts
     D:9: 1152 daAuts
     D:8: 1138 daAuts
     D:5: 1001 daAuts
     D:1: 874 daAuts
     D:3: 791 daAuts
     D:4: 780 daAuts
     D:2: 719 daAuts
   Sewer: 554 daAuts
    D:11: 167 daAuts
  Temple: 40 daAuts
